 Dungeon Crawl Stone Soup version 0.27.1-33-g824d729ab1 (webtiles) character file.

Game seed: 12632843631560647536

79 pkoi the Grave Robber (level 4, -2/33 HPs)
             Began as a Draconian Necromancer on Nov 30, 2021.
             Slain by Crazy Yiuf (14 damage)
             ... on level 2 of the Dungeon.
             The game lasted 00:01:49 (2112 turns).

pkoi the Grave Robber (Draconian Necromancer)       Turns: 2112, Time: 00:01:50

Health: -2/33      AC:  6    Str: 10    XL:     4   Next: 17%
Magic:  0/7        EV: 12    Int: 17    God:
Gold:   58         SH:  0    Dex: 11    Spells: 6/7 levels left

rFire    . . .     SeeInvis .   b - +0 dagger
rCold    . . .     Faith    .   (no shield)
rNeg     . . .     Spirit   .   (armour unavailable)
rPois    .         Reflect  .   (helmet restricted)
rElec    .         Harm     .   h - +0 cloak
rCorr    +         Rampage  .   (no gloves)
Will     .....                  (no boots)
Stlth    ++........             (no amulet)
HPRegen  0.11/turn              i - ring of resist corrosion
MPRegen  0.10/turn              (no ring)

@: no status effects
A: AC +5, unfitting armour, cold-blooded
a: no special abilities


You were on level 2 of the Dungeon.
You visited 1 branch of the dungeon, and saw 2 of its levels.

You collected 58 gold pieces.

Inventory:

Hand Weapons
 b - a +0 dagger (weapon)
 c - a +0 dagger
Armour
 h - a +0 cloak (worn)
Jewellery
 i - a ring of resist corrosion (left hand)
Scrolls
 d - 5 scrolls of identify {unknown}
 g - a scroll of amnesia {unknown}
Potions
 a - a potion of invisibility {unknown}
 e - a potion of flight {unknown}
 f - 3 potions of curing {unknown}
 j - a potion of might {unknown}
 k - 2 potions of heal wounds {unknown}
 l - a potion of brilliance {unknown}


   Skills:
 - Level 1.7 Dodging
 - Level 1.7 Stealth
 - Level 2.0 Spellcasting
 + Level 5.7 Necromancy


You had 6 spell levels left.
You knew the following spells:

 Your Spells              Type           Power      Damage    Failure   Level
a - Pain                  Necr           84%        1d8       1%          1

Your spell library contained the following spells:

 Spells                   Type           Power      Damage    Failure   Level
 Animate Skeleton         Necr           42%        N/A       1%          1
 Vampiric Draining        Necr           10%        2d7       5%          3
 Animate Dead             Necr           10%        N/A       19%         4
 Agony                    Necr           21%        N/A       45%         5


Dungeon Overview and Level Annotations

Branches:
Dungeon (2/15)

Altars:

Annotations:
D:2 Crazy Yiuf


Innate Abilities, Weirdness & Mutations

Your plain brown scales are hard. (AC +5)
You cannot fit into any form of body armour.
You are cold-blooded and may be slowed by cold attacks.


Message History

You see here a quokka corpse.
There is an escape hatch in the floor here.
The hobgoblin shouts!
A hobgoblin is nearby!
A hobgoblin is nearby!
A hobgoblin is nearby!
The hobgoblin writhes in agony.
The hobgoblin writhes in agony.
You kill the hobgoblin!
Found a stone staircase leading down.
You see here a hobgoblin corpse.
You see here a hobgoblin corpse.
You see here a hobgoblin skeleton.
Crazy Yiuf shouts!
Crazy Yiuf says, "Cholesterol!
Goldfish childish snockshim."
Could not explore, unopened runed door.
Could not explore, unopened runed door.
You open the door.
Crazy Yiuf writhes in agony.
Crazy Yiuf barely misses you.
Crazy Yiuf writhes in agony.
Crazy Yiuf screams, "Island horse ena!"
Crazy Yiuf hits you with a +3 quarterstaff of chaos!
You are too injured to fight recklessly!
You are too injured to fight recklessly!
You are too injured to fight recklessly!
Crazy Yiuf twirls on the spot.
Crazy Yiuf says, "Tosser!"
Crazy Yiuf glowers.
Crazy Yiuf barely resists.
Crazy Yiuf hits you with a +3 quarterstaff of chaos!
* * * LOW HITPOINT WARNING * * *
You feel your power leaking away.
You are too injured to fight recklessly!
Unknown command.
Aiming: Pain (safe; 1% risk of failure)
Press: ? - help, Q - select action Shift-Dir - straight line, f/p - Crazy Yiuf
Aim: Crazy Yiuf, wielding a +3 quarterstaff of chaos and wearing a +0 cloak (moderately wounded, chance to affect: 86%) Crazy Yiuf writhes in agony.
Crazy Yiuf hits you with a +3 quarterstaff of chaos!
You die...

#......# #
###......####
#............
######............
#.................
#÷######......##..
#.# #########..
#.# ### #@# #g#
#.###♣♣ ###
#..#..♣♣ ♣♣#..)#
#......♣♣♣♣.'...#
##....P.♣..♣#...#
###...♣.♣♣♣ ###
##♣♣♣♣♣


You could see Crazy Yiuf.

Vanquished Creatures
  Jessica (D:2)
  An adder (D:2)
  A dart slug (D:1)
  An endoplasm (D:2)
  2 giant cockroaches
  2 goblins (D:1)
  4 hobgoblins
  4 jackals (D:1)
  2 kobolds (D:1)
  7 quokkas
  7 ball pythons
  2 bats
  A frilled lizard (D:1)
  2 rats (D:1)
37 creatures vanquished.

Vanquished Creatures (others)
  2 fungi (D:2)
2 creatures vanquished.

Grand Total: 39 creatures vanquished

Notes
Turn   | Place    | Note
-------+----------+-------------------------------------------
     0 | D:1      | pkoi the Draconian Necromancer began the quest for the Orb.
     0 | D:1      | Reached XP level 1. HP: 14/14 MP: 3/3
   296 | D:1      | Reached XP level 2. HP: 12/20 MP: 0/5
   992 | D:1      | Reached skill level 5 in Necromancy
  1041 | D:1      | Reached XP level 3. HP: 22/26 MP: 2/6
  1710 | D:2      | Found a runed translucent door.
  1711 | D:2      | Noticed Crazy Yiuf
  1757 | D:2      | Noticed Jessica
  1761 | D:2      | Killed Jessica
  1829 | D:2      | Reached XP level 4. HP: 31/33 MP: 4/7
  1903 | D:2      | Found a faded altar of an unknown god.
  2112 | D:2      | Slain by Crazy Yiuf

Illustrated notes

Levels and vault maps discovered:
D:1:      lemuel_arrival_tunnels, layout_basic, minmay_misc_feat_diagonals,
          dk_noncrumbling_3
D:2:      layout_basic, ebering_ecumenical_altar_ruins, uniq_jessica,
          uniq_crazy_yiuf_cottage

Skill      XL: |  1  2 |
---------------+-------+-----
Necromancy     | 5 |  5.7
Dodging        | |  1.7
Stealth        | |  1.7
Spellcasting   | |  2.0

Action                   |  1- 3 |  4- 6 || total
-------------------------+-------+-------++-------
Melee: Dagger            |    29 |       ||    29
       Tailslap          |     3 |       ||     3
 Cast: Pain              |    47 |     9 ||    56
Armor: Skin              |    12 |       ||    12
Dodge: Dodged            |    24 |     1 ||    25
